 Dungeon Crawl Stone Soup version 0.30-a0-241-g1121274140 (webtiles) character file.

Game seed: 17830999978850936002

522 gzilladon the Shield-Bearer (level 7, -5/60 HPs)
             Began as a Gnoll Fighter on Oct 10, 2022.
             Slain by a gnoll
             ... wielding a +0 halberd
             ... led by a gnoll sergeant
              (6 damage)
             ... on level 5 of the Dungeon.
             The game lasted 00:13:17 (4106 turns).

gzilladon the Shield-Bearer (Gnoll Fighter)         Turns: 4106, Time: 00:13:17

Health: -5/60      AC: 14    Str: 17    XL:     7   Next: 22%
Magic:  10/10      EV:  5    Int:  8    God:
Gold:   294        SH:  5    Dex: 11    Spells: 10/10 levels left

rFire   . . .      SeeInvis .    a - +0 war axe
rCold   . . .      Faith    .    c - +0 buckler
rNeg    . . .      Spirit   .    w - +0 plate armour
rPois   .          Reflect  .    k - +0 helmet
rElec   .          Harm     .    (no cloak)
rCorr   .          Rampage  .    (no gloves)
Will    .....                    (no boots)
Stlth   ..........               (no amulet)
HPRegen 0.30/turn                (no ring)
MPRegen 0.12/turn                (no ring)

@: mighty
A: fangs 1, strong nose, distributed training
a: no special abilities


You were on level 5 of the Dungeon.
You visited 1 branch of the dungeon, and saw 5 of its levels.

You collected 294 gold pieces.

Inventory:

Hand Weapons
 a - a +0 war axe (weapon)
Missiles
 m - 27 stones (quivered)
 y - 4 poisoned darts
Armour
 b - a +0 scale mail
 c - a +0 buckler (worn)
 k - a +0 helmet (worn)
 w - a +0 plate armour (worn)
Scrolls
 e - a scroll of acquirement {unknown}
 f - a scroll of noise {unknown}
 g - 7 scrolls of identify {unknown}
 l - a scroll of vulnerability {unknown}
 p - a scroll of teleportation {unknown}
 q - a scroll of summoning {unknown}
 s - 2 scrolls of immolation {unknown}
 u - a scroll of fear {unknown}
Potions
 h - 4 potions of flight {unknown}
 i - 5 potions of mutation {unknown}
 j - a potion of heal wounds {unknown}
 n - a potion of lignification {unknown}
 o - 2 potions of brilliance {unknown}
 r - a potion of haste {unknown}
 t - 2 potions of magic {unknown}
 v - a potion of curing {unknown}
 x - a potion of degeneration {unknown}
 z - a potion of attraction {unknown}


   Skills:
 + Level 7.0 Fighting
 + Level 2.4 Short Blades
 + Level 2.4 Long Blades
 + Level 5.2 Axes
 + Level 2.4 Maces & Flails
 + Level 2.4 Polearms
 + Level 2.4 Staves
 + Level 2.4 Ranged Weapons
 + Level 2.4 Throwing
 + Level 7.0 Armour
 + Level 2.4 Dodging
 + Level 2.4 Stealth
 + Level 7.0 Shields
 + Level 2.4 Unarmed Combat
 + Level 2.4 Spellcasting
 + Level 2.0 Conjurations
 + Level 2.0 Hexes
 + Level 2.0 Summonings
 + Level 2.0 Necromancy
 + Level 2.0 Translocations
 + Level 2.0 Transmutations
 + Level 2.0 Fire Magic
 + Level 2.0 Ice Magic
 + Level 2.0 Air Magic
 + Level 2.0 Earth Magic
 + Level 2.0 Poison Magic
 + Level 2.7 Invocations
 + Level 2.4 Evocations


You had 10 spell levels left.
You didn't know any spells.
Your spell library contained the following spells:

 Spells                   Type           Power      Damage    Failure   Level
 Magic Dart               Conj           16%        1d3       100%        1
 Call Imp                 Summ           4%         N/A       100%        2
 Gell's Gravitas          Tloc           4%         N/A       100%        3
 Mephitic Cloud           Conj/Pois/Air  4%         N/A       100%        3
 Teleport Other           Tloc           4%         N/A       100%        3
 Dispersal                Tloc           2%         N/A       100%        6


Dungeon Overview and Level Annotations

Branches:
Dungeon (5/15)
 Temple: D:4-7

Altars:
Fedhas
Gozag
Nemelex Xobeh

Annotations:
D:3 1 runed translucent door, Crazy Yiuf


Innate Abilities, Weirdness & Mutations

You have very sharp teeth.
Your uncanny sense of smell can sniff out nearby items.
Your experience applies equally to all skills.


Message History

The gnoll sergeant burns you.
You feel very mighty all of a sudden. The gnoll hits you but does no damage.
The gnoll sergeant hits you from afar with a +3 trident of flaming.
The gnoll sergeant burns you. The gnoll hits you with a +0 whip.
The gnoll hits you but does no damage. The gnoll hits you with a +0 club.
* * * LOW HITPOINT WARNING * * *
You barely miss the gnoll.
The gnoll is heavily wounded.
You slash the gnoll! x2
You kill the gnoll!
You block the gnoll's attack. The gnoll hits you but does no damage.
The gnoll completely misses you.
The gnoll sergeant hits you but does no damage.
The gnoll hits you with a +0 club.
* * * LOW HITPOINT WARNING * * *
You slash the gnoll!
You kill the gnoll!
You slash the gnoll!
You kill the gnoll!
The gnoll hits you from afar with a +0 halberd.
* * * LOW HITPOINT WARNING * * *
The gnoll sergeant hits you but does no damage.
The gnoll hits you from afar with a +0 spear.
* * * LOW HITPOINT WARNING * * *
The gnoll hits you but does no damage. You block the gnoll sergeant's attack.
The gnoll barely misses you.
Things that are here:
a +0 club; a gnoll corpse You block the gnoll's attack.
The gnoll sergeant hits you with a +3 trident of flaming.
* * * LOW HITPOINT WARNING * * *
The gnoll sergeant burns you.
* * * LOW HITPOINT WARNING * * *
The gnoll hits you with a +0 spear.
* * * LOW HITPOINT WARNING * * *
You see here a +0 whip.
You barely miss the gnoll. x2; You hit the gnoll sergeant.
The gnoll hits you with a +0 halberd.
You die...

..........##
.#.........##
.##.######.†############
.##.# ##.....#......#
..#.### ######........#
....... ...............#
....... #####...$......#
.....#. ......).).######
#..### ###.....@.# ...#
###..ggg# ...# #...#.#
#... ........ # ...
........... ######......
#....... ## ######


You could see a gnoll sergeant and 2 gnolls.

Vanquished Creatures
  Grinder (D:3)
  A hound (D:4)
  An orc priest (D:4)
  2 iguanas
  An orc wizard (D:4)
  4 gnolls
  7 adders
  A white imp (D:5)
  4 worms
  2 dart slugs
  7 orcs
  9 ball pythons
  A bat (D:1)
  3 endoplasms
  4 giant cockroaches
  5 goblins
  6 hobgoblins
  3 jackals (D:1)
  5 quokkas
  5 frilled lizards
  7 kobolds
  3 rats
82 creatures vanquished.

Notes
Turn   | Place    | Note
-------+----------+-------------------------------------------
     0 | D:1      | gzilladon the Gnoll Fighter began the quest for the Orb.
     0 | D:1      | Reached XP level 1. HP: 23/23 MP: 1/1
   215 | D:1      | Reached XP level 2. HP: 24/29 MP: 2/2
   325 | D:1      | Reached XP level 3. HP: 35/35 MP: 3/3
   681 | D:1      | Reached skill level 1 in Invocations
   940 | D:2      | Reached skill level 1 in Short Blades
   940 | D:2      | Reached skill level 1 in Long Blades
   940 | D:2      | Reached skill level 1 in Maces & Flails
   940 | D:2      | Reached skill level 1 in Polearms
   940 | D:2      | Reached skill level 1 in Staves
   940 | D:2      | Reached skill level 1 in Ranged Weapons
   940 | D:2      | Reached skill level 1 in Throwing
   940 | D:2      | Reached skill level 1 in Dodging
   940 | D:2      | Reached skill level 1 in Stealth
   940 | D:2      | Reached skill level 1 in Unarmed Combat
   940 | D:2      | Reached skill level 1 in Spellcasting
   940 | D:2      | Reached skill level 1 in Evocations
  1235 | D:2      | Reached XP level 4. HP: 41/41 MP: 5/5
  1622 | D:3      | Found a runed translucent door.
  1635 | D:3      | Noticed Crazy Yiuf
  1762 | D:3      | Reached skill level 1 in Conjurations
  1762 | D:3      | Reached skill level 1 in Hexes
  1762 | D:3      | Reached skill level 1 in Summonings
  1762 | D:3      | Reached skill level 1 in Necromancy
  1762 | D:3      | Reached skill level 1 in Translocations
  1762 | D:3      | Reached skill level 1 in Transmutations
  1762 | D:3      | Reached skill level 1 in Fire Magic
  1762 | D:3      | Reached skill level 1 in Ice Magic
  1762 | D:3      | Reached skill level 1 in Air Magic
  1762 | D:3      | Reached skill level 1 in Earth Magic
  1762 | D:3      | Reached skill level 1 in Poison Magic
  1797 | D:3      | Found a sparkling altar of Nemelex Xobeh.
  1994 | D:3      | Found a blossoming altar of Fedhas.
  2073 | D:3      | Noticed Grinder
  2079 | D:3      | Paralysed by Grinder for 3 turns
  2088 | D:3      | Killed Grinder
  2089 | D:3      | Reached skill level 5 in Axes
  2089 | D:3      | Reached XP level 5. HP: 32/47 MP: 5/8
  2089 | D:3      | Reached XP level 6. HP: 36/53 MP: 5/9
  2519 | D:4      | Found an opulent altar of Gozag.
  2907 | D:4      | Reached XP level 7. HP: 60/60 MP: 10/10
  4001 | D:5      | Entered Level 5 of the Dungeon
  4105 | D:5      | HP: 1/60 [gnoll/+0 spear[a gnoll sergeant] (3)]
  4106 | D:5      | Slain by a gnoll

Illustrated notes

Levels and vault maps discovered:
D:1:      zelgadis_glass_arrival_small, layout_basic
D:2:      layout_basic
D:3:      layout_basic, amcnicky_altar_gilded, nemelex_diamond_rough_becter,
          nicolae_figureground_sparkle, uniq_grinder, uniq_crazy_yiuf_cottage
D:4:      layout_basic, nicolae_gozag_seed_capital
D:5:      layout_rooms

Skill      XL: |  1  2  3  4  5  6  7 |
---------------+----------------------+-----
Invocations    | 1 2 |  2.7
Short Blades   | 1 2 |  2.4
Long Blades    | 1 2 |  2.4
Maces & Flails | 1 2 |  2.4
Polearms       | 1 2 |  2.4
Staves         | 1 2 |  2.4
Ranged Weapons | 1 2 |  2.4
Throwing       | 1 2 |  2.4
Dodging        | 1 2 |  2.4
Stealth        | 1 2 |  2.4
Unarmed Combat | 1 2 |  2.4
Spellcasting   | 1 2 |  2.4
Evocations     | 1 2 |  2.4
Conjurations   | 1 2 |  2.0
Hexes          | 1 2 |  2.0
Summonings     | 1 2 |  2.0
Necromancy     | 1 2 |  2.0
Translocations | 1 2 |  2.0
Transmutations | 1 2 |  2.0
Fire Magic     | 1 2 |  2.0
Ice Magic      | 1 2 |  2.0
Air Magic      | 1 2 |  2.0
Earth Magic    | 1 2 |  2.0
Poison Magic   | 1 2 |  2.0
Axes           | 5 |  5.2
Fighting       | 7 |  7.0
Armour         | 7 |  7.0
Shields        | 7 |  7.0

Action                   |  1- 3 |  4- 6 |  7- 9 || total
-------------------------+-------+-------+-------++-------
Melee: War axe           |    84 |   132 |    45 ||   261
       Bite              |     3 |    14 |     4 ||    21
  Use: Potion            |       |     2 |     1 ||     3
Armor: Scale mail        |    40 |     8 |       ||    48
       Plate armour      |       |    57 |    34 ||    91
Dodge: Dodged            |    43 |    33 |    10 ||    86
Block: Buckler           |    22 |    28 |    16 ||    66

Table legend: (Time is in decaauts)
 A = Elapsed time spent in this place.
 B = Non-inter-level travel time spent in this place.
 C = Inter-level travel time spent in this place.
 D = Time resting spent in this place.
 E = Time spent auto-exploring this place.
 F = Levels seen in this place.
 G = Mean time per level.
                   A        B        C        D        E       F      G
               +--------+--------+--------+--------+--------+-----+--------+
         Total |   4181 |   3039 |   1142 |    289 |      0 |   5 |  836.2 |
       Dungeon |   4181 |   3039 |   1142 |    289 |      0 |   5 |  836.2 |
               +--------+--------+--------+--------+--------+-----+--------+

Top non-repeatable levels by time:
     D:4: 1691 daAuts
     D:3: 887 daAuts
     D:1: 786 daAuts
     D:2: 706 daAuts
     D:5: 110 daAuts
